 Dungeon Crawl Stone Soup version 0.29-a0-96-g93358da72b (webtiles) character file.

Game seed: 15926790386396092254

1173 Sweetruy1997 the Cleaver (level 8, -3/93 HPs)
             Began as a Demonspawn Chaos Knight on Feb 12, 2022.
             Was a Plaything of Xom.
             Slain by a sixfirhy (11 damage)
             ... summoned by Xom
             ... on level 3 of the Dungeon.
             The game lasted 00:15:33 (4934 turns).

Sweetruy1997 the Cleaver (Demonspawn Chaos Knight)  Turns: 4934, Time: 00:15:34

Health: -3/93      AC: 28    Str: 12      XL:     8   Next: 18%
Magic:  8/8        EV:  2    Int: 10 (14) God:    Xom [......]
Gold:   166        SH:  0    Dex: 23      Spells: 7/7 levels left

rFire   . . .      SeeInvis .   a - +0 hand axe (chaos)
rCold   . . .      Faith    .   (no shield)
rNeg    . . .      Spirit   .   (armour currently unavailable)
rPois   +          Reflect  .   (helmet currently unavailable)
rElec   .          Harm     .   (cloak currently unavailable)
rCorr   .          Rampage  .   (gloves currently unavailable)
Will    .....      NoTele   +   (boots currently unavailable)
Stlth   ++........              (no amulet)
HPRegen 0.25/turn               w - +4 ring of protection
MPRegen 0.11/turn               j - +6 ring of dexterity

@: tree-form
A: stationary, stasis, torment immunity, boosted hp, (spiny 1), (sanguine armour
1), agile 1
a: Renounce Religion


You were on level 3 of the Dungeon.
You worshipped Xom.
You were a very special plaything of Xom.
You were a tree.
You visited 1 branch of the dungeon, and saw 7 of its levels.

You collected 166 gold pieces.

Inventory:

Hand Weapons
 a - a +0 hand axe of chaos (weapon)
Missiles
 v - 2 boomerangs (quivered)
Armour
 u - a +0 pair of gloves (melded)
 y - a +4 ring mail of fire resistance (melded)
Jewellery
 c - a ring of flight
 j - a +6 ring of dexterity (right branch)
 r - a ring of wizardry
 w - a +4 ring of protection (left branch)
Scrolls
 e - a scroll of enchant weapon {unknown}
 g - a scroll of fog {unknown}
 m - a scroll of fear {unknown}
 o - a scroll of vulnerability {unknown}
 q - a scroll of blinking {unknown}
 s - a scroll of noise
 t - a scroll of identify {unknown}
 x - a scroll of teleportation {unknown}
Potions
 d - a potion of ambrosia {unknown}
 f - a potion of haste {unknown}
 k - a potion of brilliance {unknown}
 l - a potion of mutation
 p - a potion of degeneration {unknown}


   Skills:
 - Level 5.0 Fighting
 + Level 8.0 Axes
 + Level 2.0 Throwing
 - Level 2.0 Armour
 - Level 1.0 Dodging
 - Level 1.0 Stealth
 - Level 1.0 Evocations


You had 7 spell levels left.
You didn't know any spells.
Your spell library was empty.

Dungeon Overview and Level Annotations

Branches:
Dungeon (7/15)
 Temple: D:4-7

Altars:

Shops:
D:6 :

Annotations:
D:7 Pikel


Innate Abilities, Weirdness & Mutations

You are a tree.
Your roots penetrate the ground, keeping you stationary.
You cannot be teleported.
You are immune to unholy pain and torment.
Your maximum health is greatly increased.
Your equipment is partially melded.
((You are partially covered in sharp spines.))
((When seriously injured, your blood forms armour. (AC +0)))
You are agile. (Dex +2)


Message History

The sixfirhy is struck by your spines. The sixfirhy hits you.
The sixfirhy shocks you!
Aiming: Corrosive Bolt
Press: ? - help, Shift-Dir - straight line, f/p - sixfirhy
Aim: a sixfirhy (moderately wounded, summoned, 38% to hit)
The bolt of acid hits the sixfirhy!
The acid corrodes the sixfirhy!
The sixfirhy is severely wounded.
The bolt of acid hits the neqoxec!
The acid corrodes the neqoxec!
The neqoxec is severely wounded.
The sixfirhy hits you.
* * * LOW HITPOINT WARNING * * *
The sixfirhy shocks you!
* * * LOW HITPOINT WARNING * * *
The sixfirhy is struck by your spines.
The sixfirhy hits you but does no damage.
The sixfirhy is struck by your spines.
The sixfirhy hits you but does no damage.
The sixfirhy barely misses you.
Aiming: Corrosive Bolt
Press: ? - help, Shift-Dir - straight line, f/p - sixfirhy
Aim: a sixfirhy (severely wounded, summoned, covered in acid, 38% to hit)
The bolt of acid misses the sixfirhy.
The bolt of acid hits the neqoxec!
The neqoxec seems to be corroded for longer.
You kill the neqoxec!
The neqoxec disappears in a puff of smoke!
The now-empty wand crumbles to dust.
The sixfirhy is struck by your spines.
The sixfirhy hits you but does no damage.
The sixfirhy is struck by your spines. The sixfirhy barely misses you.
You aren't carrying any items that you can evoke.
It was a potion of lignification.
You turn into a tree.
Your +0 pair of gloves melds into your body.
Your +4 ring mail of fire resistance melds into your body.
You feel less resistant to fire.
Your roots penetrate the ground.
Your blood armour dries and flakes away.
As you read the scroll labelled WADUDARHUL, it crumbles to dust.
You hear a loud clanging noise!
It was a scroll of noise.
The sixfirhy hits you.
* * * LOW HITPOINT WARNING * * *
The sixfirhy shocks you!
You die...

.................#
###....#......####
##.#........# #.###......#
#.###......######
#..##...........##########
##.##......####..........#
#[#####..######5........#
#.## ##....♣3.5........#
#..# ########5......:.#
#..# #.........# ##.#
#.5.(.....# ###
#.........# #.........#
#.........# #.........#
###########


You could see a sixfirhy (summoned, corroded), a crimson imp (summoned), a white
imp (summoned) and an ufetubus (summoned).

Vanquished Creatures
  Edmund (D:6)
  A necrophage (D:6)
  A centaur (D:6)
  3 ogres
  A phantom (D:6)
  A water moccasin zombie (D:6)
  A scorpion (D:6)
  2 water moccasin skeletons (D:6)
  2 centaur zombies (D:6)
  A hound (D:5)
  Jessica (D:2)
  Natasha (D:4)
  2 iguanas
  2 orc wizards
  A killer bee zombie (D:7)
  A howler monkey skeleton (D:6)
  2 adders
  A white imp (D:6)
  2 worms (D:2)
  A dart slug (D:1)
  14 orcs
  2 ball pythons
  6 endoplasms
  A giant cockroach (D:1)
  4 goblins
  5 hobgoblins
  7 jackals
  2 quokkas
  5 bats
  A frilled lizard (D:2)
  4 kobolds
  6 rats
85 creatures vanquished.

Notes
Turn   | Place    | Note
-------+----------+-------------------------------------------
     0 | D:1      | Sweetruy1997 the Demonspawn Chaos Knight began the quest
                  | for the Orb.
     0 | D:1      | Reached XP level 1. HP: 18/18 MP: 1/1
    62 | D:1      | XOM: divination: magic mapping
   405 | D:1      | XOM: divination: detect creatures
   406 | D:1      | Reached skill level 3 in Axes
   406 | D:1      | Reached skill level 1 in Dodging
   406 | D:1      | Gained mutation: When seriously injured, your blood forms
                  | armour. (AC +0) [demonic ancestry]
   406 | D:1      | Reached XP level 2. HP: 24/24 MP: 2/2
   969 | D:2      | Noticed Jessica
   971 | D:2      | XOM: divination: detect items
   976 | D:2      | Killed Jessica
   977 | D:2      | Reached XP level 3. HP: 27/29 MP: 3/3
  1014 | D:2      | Found a faded altar of an unknown god.
  1254 | D:2      | XOM: summons 3 hostile shadow creatures
  1787 | D:2      | Reached XP level 4. HP: 35/35 MP: 4/4
  2114 | D:3      | Reached skill level 4 in Axes
  2114 | D:3      | Reached skill level 1 in Stealth
  2685 | D:3      | XOM: 8-stop teleportation journey
  2686 | D:3      | You are sucked into a shaft and drop 3 floors!
  2686 | D:6      | Noticed an ogre
  2701 | D:7      | Reached XP level 5. HP: 26/42 MP: 5/5
  2728 | D:7      | XOM: stat loss: -1 Str (11/12)
  2828 | D:7      | Noticed Pikel
  2828 | D:7      | Noticed a lemure
  2870 | D:6      | Found Zuyrgh's Book Boutique.
  2890 | D:6      | Reached skill level 5 in Axes
  3133 | D:6      | Noticed an ogre
  3148 | D:6      | XOM: divination: detect items
  3152 | D:6      | Killed an ogre
  3153 | D:6      | Reached XP level 6. HP: 49/49 MP: 6/6
  3359 | D:6      | XOM: summons 3 hostile shadow creatures
  3360 | D:6      | Noticed a sky beast
  3360 | D:6      | Gained mutation: You are agile. (Dex +2) [potion of
                  | mutation]
  3385 | D:6      | Reached skill level 6 in Axes
  3385 | D:6      | Reached XP level 7. HP: 17/55 MP: 7/7
  3674 | D:6      | XOM: stat loss: -1 Int (13/14)
  3778 | D:6      | Noticed Edmund
  3792 | D:6      | Reached skill level 5 in Fighting
  3959 | D:6      | XOM: stat loss: -1 Str (11/12)
  3971 | D:6      | Killed Edmund
  3972 | D:6      | Reached skill level 7 in Axes
  3972 | D:6      | Reached skill level 1 in Throwing
  3972 | D:6      | Reached skill level 1 in Evocations
  4144 | D:6      | XOM: destruction
  4566 | D:6      | Gained mutation: You are partially covered in sharp spines.
                  | [demonic ancestry]
  4566 | D:6      | Reached XP level 8. HP: 60/61 MP: 8/8
  4572 | D:5      | Entered Level 5 of the Dungeon
  4704 | D:5      | XOM: 2-stop teleportation journey
  4706 | D:5      | XOM: silly message
  4822 | D:4      | Noticed Natasha
  4830 | D:4      | Killed Natasha
  4831 | D:4      | Reached skill level 8 in Axes
  4917 | D:3      | XOM: summons 5 hostile demons
  4918 | D:3      | Noticed a sixfirhy
  4934 | D:3      | Slain by a sixfirhy

Illustrated notes

Levels and vault maps discovered:
D:1:      dpeg_arrival_castle, layout_rooms, supply_closet_lemuel
D:2:      layout_basic, ebering_ecumenical_altar_rust, due_unseen_surprise,
          uniq_jessica
D:3:      layout_rooms, serial_shops, shop
D:4:      layout_basic, minmay_temple_entry_ruins, feat_on_display, uniq_natasha
D:5:      layout_rooms, gammafunk_ghost_stat_death, uniq_menkaure
D:6:      layout_rooms, serial_shops, shop, uniq_edmund
D:7:      layout_rooms, serial_shops, shop, st_stairs_9, uniq_pikel

Skill      XL: |  1  2  3  4  5  6  7  8 |
---------------+-------------------------+-----
Axes           | 3 4 5 6 7 8 |  8.0
Dodging        | 1 |  1.0
Armour         | 2 |  2.0
Stealth        | 1 |  1.0
Fighting       | 4 5 |  5.0
Throwing       | 1 2 |  2.0
Evocations     | 1 |  1.0

Action                   |  1- 3 |  4- 6 |  7- 9 || total
-------------------------+-------+-------+-------++-------
Melee: Hand axe          |   106 |   118 |   100 ||   324
       Punch             |     3 |     5 |     3 ||    11
Throw: Boomerang         |     2 |     4 |    27 ||    33
Evoke: Wand              |       |     4 |     5 ||     9
  Use: Potion            |       |     3 |     2 ||     5
       Scroll            |       |       |     2 ||     2
 Stab: Paralysed         |     2 |     1 |       ||     3
       Sleeping          |     4 |     2 |       ||     6
       Petrifying        |       |     1 |       ||     1
       Confused          |       |       |     1 ||     1
Armor: Leather armour    |    40 |    75 |    27 ||   142
       Ring mail         |       |       |    22 ||    22
Dodge: Dodged            |    56 |    74 |    37 ||   167

Table legend: (Time is in decaauts)
 A = Elapsed time spent in this place.
 B = Non-inter-level travel time spent in this place.
 C = Inter-level travel time spent in this place.
 D = Time resting spent in this place.
 E = Time spent auto-exploring this place.
 F = Levels seen in this place.
 G = Mean time per level.
                   A        B        C        D        E       F      G
               +--------+--------+--------+--------+--------+-----+--------+
         Total |   4965 |   4918 |     47 |   1167 |   2923 |   7 |  709.3 |
       Dungeon |   4965 |   4918 |     47 |   1167 |   2923 |   7 |  709.3 |
               +--------+--------+--------+--------+--------+-----+--------+

Top non-repeatable levels by time:
     D:6: 1707 daAuts
     D:2: 1189 daAuts
     D:1: 923 daAuts
     D:3: 674 daAuts
     D:7: 181 daAuts
     D:4: 151 daAuts
     D:5: 137 daAuts
